 Dungeon Crawl Stone Soup version 0.28-a0-863-g8cecda6153 (webtiles) character file.

Game seed: 4485293147968009137

20888 jasper the Severer (level 12, 0/111 (116) HPs)
             Began as a Deep Dwarf Fighter on Nov 17, 2021.
             Was a Priest of Ru.
             Succumbed to a swamp dragon's poison gas
             ... on level 3 of the Lair of Beasts.
             The game lasted 00:23:34 (12258 turns).

jasper the Severer (Deep Dwarf Fighter)            Turns: 12258, Time: 00:23:35

HP:   0/111 (116)   AC: 25    Str: 23    XL:     12   Next: 49%
MP:   5/5           EV:  8    Int:  9    God:    Ru [***...]
Gold: 832           SH: 11    Dex: 12    Spells: 12/12 levels left

rFire   . . .      SeeInvis +   a - +1 war axe
rCold   . . .      Faith    .   c - +1 buckler
rNeg    . . .      Spirit   .   O - +4 chain mail
rPois   .          Reflect  +   e - +2 helmet
rElec   .          Harm     .   (no cloak)
rCorr   .          Rampage  .   I - +0 pair of gloves
Will    +....                   (no boots)
Stlth   ..........              K - amulet of reflection
HPRegen 0.00/turn               B - ring of see invisible
MPRegen 0.09/turn               V - +4 ring of protection

@: lethally poisoned (0 -> -7), exhausted, lightly drained
A: damage resistance, heal wounds, sense surroundings 2, weak 1, inability to
drink while threatened, no conjurations magic, no earth magic, no hexes magic,
no regeneration
a: Heal Wounds, Renounce Religion, Draw Out Power


You were on level 3 of the Lair of Beasts.
You worshipped Ru.
Ru was most pleased with you.
You visited 3 branches of the dungeon, and saw 15 of its levels.

You collected 832 gold pieces.

Inventory:

Hand Weapons
 a - a +1 war axe (weapon)
 f - a +0 mace of draining
 o - a +1 flail of draining
 t - the +5 trident of No Interval {venom, Fly rPois Will- Str-5}
   (You found it on level 4 of the Dungeon)

   It poisons the flesh of those it strikes.
   Str:       It affects your strength (-5).
   rPois:     It protects you from poison.
   Fly:       It grants you flight.
   Will:      It decreases your willpower.
 A - a +0 whip of electrocution
 Q - a +1 vorpal eveningstar
Missiles
 g - 403 stones
 l - 66 poisoned darts
 s - 3 datura-tipped darts
 F - 2 throwing nets
 H - 6 boomerangs (quivered)
 R - 5 silver javelins
Armour
 b - a +0 scale mail
 c - a +1 buckler (worn)
 e - a +2 helmet (worn)
 w - a +0 plate armour
 y - a +0 chain mail
 I - a +0 pair of gloves (worn)
 O - a +4 chain mail (worn)
 X - a +0 kite shield
 Z - a +0 helmet
Jewellery
 n - a ring of magical power
 B - a ring of see invisible (left hand)
 K - an amulet of reflection (around neck)
 V - a +4 ring of protection (right hand)
Wands
 D - a wand of paralysis (8)
 G - a wand of charming (16)
 J - a wand of flame (16)
 M - a wand of digging (5)
 P - a wand of iceblast (1)
Scrolls
 h - 5 scrolls of fear
 i - 2 scrolls of fog
 k - 3 scrolls of magic mapping
 p - 5 scrolls of noise
 q - 2 scrolls of brand weapon
 r - 6 scrolls of immolation
 v - 2 scrolls of holy word
 x - 5 scrolls of amnesia
 C - 8 scrolls of teleportation
 S - 2 scrolls of enchant armour
 T - 2 scrolls of identify
Potions
 d - a potion of brilliance
 j - 4 potions of curing
 m - a potion of invisibility
 u - a potion of attraction
 z - a potion of flight
 E - a potion of resistance
 L - a potion of haste
 U - 2 potions of heal wounds
 W - a potion of might
 Y - a potion of lignification


   Skills:
 + Level 9.8 Fighting
 * Level 15.6 Axes
 + Level 11.6 Armour
 - Level 4.0 Shields
 - Level 0.5 Spellcasting
 - Level 6.8 Evocations


You had 12 spell levels left.
You didn't know any spells.
Your spell library contained the following spells:

 Spells                   Type           Power      Damage    Failure   Level
 Freeze                   Ice            0%         1d3       90%         1
 Frozen Ramparts          Ice            0%         1d2       99%         3
 Gell's Gravitas          Tloc           0%         N/A       99%         3
 Ignite Poison            Fire/Tmut/Pois 0%         N/A       99%         3
 Teleport Other           Tloc           0%         N/A       99%         3
 Animate Dead             Necr           0%         N/A       100%        4
 Dispel Undead            Necr           0%         3d6       100%        4
 Dispersal                Tloc           0%         N/A       100%        6
 Haunt                    Necr/Summ      0%         N/A       100%        7
 Infestation              Necr           0%         N/A       100%        8
 Foxfire                  Conj/Fire      Unusable   2x1d4     N/A         1
 Magic Dart               Conj           Unusable   1d3       N/A         1
 Searing Ray              Conj           Unusable   2d4       N/A         2
 Static Discharge         Conj/Air       Unusable   N/A       N/A         2
 Conjure Flame            Conj/Fire      Unusable   6-21      N/A         3
 Dazzling Flash           Conj/Hex       Unusable   N/A       N/A         3
 Inner Flame              Hex/Fire       Unusable   N/A       N/A         3
 Mephitic Cloud           Conj/Pois/Air  Unusable   N/A       N/A         3
 Summon Guardian Golem    Hex/Summ       Unusable   N/A       N/A         3
 Flame Wave               Conj/Fire      Unusable   3d3       N/A         4
 Fulminant Prism          Conj/Hex       Unusable   3d6       N/A         4
 Hailstorm                Conj/Ice       Unusable   3d3       N/A         4
 Iskenderun's Mystic Bla  Conj/Tloc      Unusable   2d3       N/A         4
 Sticky Flame             Conj/Fire      Unusable   2d3       N/A         4
 Freezing Cloud           Conj/Ice/Air   Unusable   6-21      N/A         5
 Lee's Rapid Deconstruct  Erth           Unusable   3d5*      N/A         5
 Discord                  Hex            Unusable   N/A       N/A         8

Dungeon Overview and Level Annotations

Branches:
Dungeon (11/15)            Temple (1/1) D:6            Lair (3/6) D:9
 Spider (0/4) Lair:2          Orc (0/2) D:11
  Swamp: Lair:2-4    Shoals: Lair:2-4

Altars:
Ashenzari
Cheibriados
Dithmenos
Elyvilon
Fedhas
Gozag
Hepliaklqana
Kikubaaqudgha
Makhleb
Nemelex Xobeh
Okawaru
Qazlal
Ru
Sif Muna
Trog
Uskayaw
Vehumet
Wu Jian
Xom
Yredelemnul
Zin
The Shining One
Beogh

Shops:
D:6 *

Portals:
Ice
Cave: Lair:1

Annotations:
D:4 2 runed translucent doors
D:5 1 runed translucent door, Darius099's ghost, amateur GrFi


Innate Abilities, Weirdness & Mutations

You are resistant to damage.
You can heal yourself by infusing magical energy.
You passively map the area around you.
You are weak. (Str -2)
You sometimes lose the ability to drink potions when taking damage.
You cannot study or cast Conjurations magic.
You cannot study or cast Earth magic.
You cannot study or cast Hexes magic.
You do not regenerate.


Message History

* * * LOW HITPOINT WARNING * * *
You feel extremely sick. You block the black mamba's attack.
You take 12 damage, and have 17/108 hp.
You feel better. The black mamba bites you!
* * * LOW HITPOINT WARNING * * *
You block the black mamba's attack.
The swamp dragon begins to attack, but is stunned by your conviction!
You closely miss the swamp dragon.
The swamp dragon is severely wounded.
You slash the black mamba!
You kill the black mamba!
The swamp dragon breathes poison at you.
The blast of poison engulfs you.
You are poisoned.
* * * LOW HITPOINT WARNING * * *
You take 1 damage, and have 17/111 hp.
You are engulfed in poison gas.
You are more poisoned.
You feel threatened and lose the ability to drink potions!
* * * LOW HITPOINT WARNING * * *
You take 7 damage, and have 10/111 hp.
The swamp dragon breathes poison at you.
The blast of poison misses you.
Blink to where?
Press: ? - help, Dir - move target
As you read the scroll of blinking, it crumbles to dust.
You can drink potions again.
The swamp dragon breathes poison at you.
The blast of poison engulfs you but does no damage.
You are more poisoned.
Aiming: Iceblast
Press: ? - help, Shift-Dir - straight line, f - swamp dragon
Aim: a swamp dragon (poison gas, severely wounded, catching its breath)
The mass of ice explodes!
The iceblast engulfs the swamp dragon!!
The swamp dragon is almost dead.
You are engulfed in poison gas.
You are more poisoned.
* * * LOW HITPOINT WARNING * * *
You die...

, ,,
........##..#..#...... ,
.............<..........
, , ,,
........................
, ,
........................
, ,+
P........###.###....... ,
#.......P#.#####...#.. +
##......##...††#....## ,
#..○☼○.##....#....... , ,
, #.○☼@☼☼#.....##....P. *
* * #..○○☼..P....##......
, ##○○○○○..+....#.....#.
, ,
#.○○○○§.#####.##...... ,
, *##.○○○D○..#...##...##.
,, ,*,,
#°.☼○°.°...........#. , ,
.......○○°..............
, ,,
........................
.........................


You could see a swamp dragon (catching breath).

Vanquished Creatures
  A hydra (Lair:1)
  4 two-headed ogres
  3 death yaks (D:9)
  A centaur warrior (D:9)
  Urug (D:11)
  Pikel (D:7)
  3 black mambas
  An unseen horror (D:10)
  2 cane toads
  2 ice devils (Lair:1)
  3 komodo dragons
  A hornet (Lair:2)
  A polar bear (Lair:2)
  A troll (D:10)
  Prince Ribbit (D:7)
  33 yaks
  A wyvern (Lair:3)
  4 steam dragons
  8 water moccasins
  An ice beast (D:8)
  A black bear (D:6)
  8 orc warriors
  A necrophage (D:4)
  An ogre (D:4)
  4 wolves (Lair:1)
  3 centaurs
  A phantom (D:4)
  2 kobold brigands
  7 bullfrogs
  A wyvern zombie (D:6)
  5 scorpions
  4 killer bees (D:9)
  3 wights (D:10)
  9 howler monkeys
  A bullfrog zombie (D:7)
  4 centaur zombies
  2 hounds (D:5)
  2 gnoll shamans
  A jelly (D:4)
  5 orc priests
  A bullfrog skeleton (D:5)
  2 iguanas
  A centaur skeleton (D:4)
  Terence (D:2)
  10 orc wizards
  A killer bee zombie (D:8)
  2 hound zombies
  A howler monkey zombie (D:9)
  Robin (D:2)
  3 howler monkey skeletons
  6 gnolls
  2 adders
  An adder zombie (D:4)
  5 worms
  4 dart slugs
  43 orcs
  9 endoplasms
  A giant cockroach (Lair:2)
  21 goblins
  13 hobgoblins
  8 jackals
  11 kobolds
  8 quokkas
  6 ball pythons
  2 bats (D:1)
  5 frilled lizards
  5 rats
311 creatures vanquished.

Vanquished Creatures (collateral kills)
  A scorpion (D:5)
1 creature vanquished.

Vanquished Creatures (others)
  An iguana (Lair:3)
  4 fungi
  2 plants
7 creatures vanquished.

Grand Total: 319 creatures vanquished

Notes
Turn   | Place    | Note
-------+----------+-------------------------------------------
     0 | D:1      | jasper the Deep Dwarf Fighter began the quest for the Orb.
     0 | D:1      | Reached XP level 1. HP: 20/20 MP: 1/1
   213 | D:1      | Reached XP level 2. HP: 21/27 MP: 1/1
  1139 | D:2      | Reached XP level 3. HP: 32/33 MP: 2/2
  1157 | D:2      | Noticed Robin
  1329 | D:2      | Killed Robin
  1330 | D:2      | Reached skill level 3 in Axes
  1350 | D:2      | Noticed Terence
  1360 | D:2      | Killed Terence
  1361 | D:2      | Reached XP level 4. HP: 17/37 MP: 3/3
  2556 | D:3      | Reached XP level 5. HP: 25/48 MP: 4/4
  2574 | D:3      | Reached skill level 4 in Axes
  3315 | D:4      | Found a large runed translucent door.
  3317 | D:4      | Found a large runed translucent door.
  3334 | D:4      | Found a large runed translucent door.
  3334 | D:4      | Found a large runed translucent door.
  3375 | D:4      | Identified the +5 trident of No Interval {venom, Fly rPois
                  | Will- Str-5}
  3385 | D:4      | Got the Incunabulum of the Oath
  3594 | D:4      | Reached XP level 6. HP: 30/56 MP: 4/4
  3602 | D:4      | Reached skill level 5 in Axes
  3772 | D:4      | Reached skill level 5 in Armour
  3772 | D:4      | Reached XP level 7. HP: 41/64 MP: 5/5
  3803 | D:4      | Reached skill level 6 in Axes
  4143 | D:5      | Entered Level 5 of the Dungeon
  4151 | D:5      | Reached skill level 7 in Axes
  4567 | D:5      | Reached XP level 8. HP: 37/73 MP: 6/6
  4766 | D:5      | Found a runed translucent door.
  4768 | D:5      | Noticed Darius099's ghost (amateur GrFi)
  4859 | D:6      | Found a staircase to the Ecumenical Temple.
  4865 | D:6      | Reached skill level 5 in Fighting
  4876 | Temple   | Entered the Ecumenical Temple
  5292 | Temple   | Became a worshipper of Ru the Awakened
  5475 | D:6      | Reached skill level 8 in Axes
  5600 | D:6      | Found Huinueph's Serpentskin Sales.
  5659 | D:6      | Found a stormy altar of Qazlal.
  5909 | D:7      | Reached skill level 9 in Axes
  5989 | D:7      | Noticed Pikel
  6001 | D:7      | Killed Pikel
  6002 | D:7      | Gained mutation: You passively map the area around you.
                  | [Deep Dwarf growth]
  6002 | D:7      | Reached XP level 9. HP: 39/82 MP: 7/7
  6194 | D:7      | Noticed Prince Ribbit
  6198 | D:7      | HP: 3/82 [orc warrior (11)]
  6203 | D:7      | Reached skill level 10 in Axes
  6218 | D:7      | Killed Prince Ribbit
  6412 | D:7      | Gained mutation: You are weak. (Str -2) [Ru sacrifice]
  6857 | D:8      | Noticed a two-headed ogre
  6882 | D:8      | Killed a two-headed ogre
  6883 | D:8      | Reached skill level 11 in Axes
  7289 | D:8      | Reached XP level 10. HP: 41/94 MP: 8/8
  7413 | D:8      | Identified the +0 ring mail of the Enchanted Forest
                  | {+Blink}
  7814 | D:9      | Noticed a death yak
  7824 | D:9      | Reached skill level 1 in Evocations
  7832 | D:9      | Killed a death yak
  7840 | D:9      | Found a staircase to the Lair.
  7840 | D:9      | Noticed a death yak
  7840 | D:9      | Noticed a death yak
  7841 | D:9      | Noticed a centaur warrior
  7847 | D:9      | HP: 2/94 [yak (7)]
  7870 | D:9      | Killed a death yak
  7881 | D:9      | Killed a death yak
  7897 | D:9      | Reached skill level 12 in Axes
  7922 | D:9      | Killed a centaur warrior
  8355 | D:9      | Reached XP level 11. HP: 20/103 MP: 8/8
  8577 | D:10     | Entered Level 10 of the Dungeon
  8880 | D:10     | Noticed a two-headed ogre
  8887 | D:10     | Killed a two-headed ogre
  8888 | D:10     | Reached skill level 13 in Axes
  8942 | D:10     | Gained mutation: You cannot study or cast Earth magic. [Ru
                  | sacrifice]
  8942 | D:10     | Gained mutation: You cannot study or cast Hexes magic. [Ru
                  | sacrifice]
  8942 | D:10     | Gained mutation: You cannot study or cast Conjurations
                  | magic. [Ru sacrifice]
  8942 | D:10     | Reached * piety under Ru
  8942 | D:10     | Reached ** piety under Ru
  9065 | D:10     | Reached skill level 10 in Armour
  9100 | D:10     | Noticed a two-headed ogre
  9111 | D:10     | Killed a two-headed ogre
  9465 | D:11     | Noticed Urug
  9470 | D:11     | Killed Urug
  9795 | D:11     | Noticed a two-headed ogre
  9798 | D:11     | Killed a two-headed ogre
  9799 | D:11     | Reached skill level 14 in Axes
 10066 | D:11     | Found a staircase to the Orcish Mines.
 10404 | Lair:1   | Entered Level 1 of the Lair of Beasts
 10514 | Lair:1   | Reached XP level 12. HP: 31/114 MP: 7/7
 10617 | Lair:1   | Gained mutation: You sometimes lose the ability to drink
                  | potions when taking damage. [Ru sacrifice]
 10617 | Lair:1   | Reached *** piety under Ru
 10632 | Lair:1   | Noticed a five-headed hydra
 10644 | Lair:1   | Killed a five-headed hydra
 11079 | Lair:1   | Reached skill level 15 in Axes
 11095 | Lair:1   | Found a frozen archway.
 11483 | Lair:2   | Found a hole to the Spider Nest.
 12258 | Lair:3   | Succumbed to a swamp dragon's poison gas

Illustrated notes

Levels and vault maps discovered:
D:1:      lemuel_arrival_muddy, layout_basic, minmay_tripent
D:2:      layout_loops_cross, uniq_terence, uniq_robin
D:3:      layout_loops_corners
D:4:      layout_loops_ring, minmay_hollow_rounded_squares
D:5:      layout_loops_ring, gammafunk_ghost_grave, kennysheep_windowed_goal
D:6:      layout_rooms, mainiacjoe_overflow_alcove_4,
          minmay_temple_entry_proselytizer, guppyfry_shop_venom
D:7:      layout_loops_corners, hangedman_abyss_or_decor_stabs, uniq_pikel,
          uniq_prince_ribbit1
D:8:      layout_loops_ring, minmay_puff
D:9:      layout_roguey, dpeg_lair_monsters
D:10:     layout_roguey
D:11:     layout_stronghold, minmay_orc_entry_temple_small, uniq_urug
Temple:   mainiacjoe_temple_trianglar_array
Lair:1:   layout_roguey, portal_ice_cave_demonic_guard, grunt_megastairs_1,
          lemuel_fruit_fields, lemuel_fruit_tree
Lair:2:   layout_chaotic_city, nicolae_spider_entry_non_spiders,
          minmay_stone_trees_small, infiniplex_staircase_pool_2
Lair:3:   layout_regular_city, minmay_swamp_entry_reptiles

Skill      XL: |  1  2  3  4  5  6  7  8  9 10 11 12 |
---------------+-------------------------------------+-----
Shields        | 4 |  4.0
Axes           | 3 4 5 7 9 11 12 14 15 | 15.6
Fighting       | 3 4 6 7 9 |  9.8
Armour         | 4 5 7 8 9 10 11 | 11.6
Evocations     | 6 |  6.8
Spellcasting   | |  0.5

Action                   |  1- 3 |  4- 6 |  7- 9 | 10-12 || total
-------------------------+-------+-------+-------+-------++-------
Melee: War axe           |   122 |   222 |   317 |   666 ||  1327
       Trident           |       |       |     4 |       ||     4
       Eveningstar       |       |       |       |    10 ||    10
Throw: Stone             |       |     8 |       |       ||     8
       Boomerang         |       |       |       |     8 ||     8
Invok: Sacrifice Purity  |       |       |     1 |       ||     1
       Sacrifice Arcana  |       |       |       |     1 ||     1
       Draw Out Power    |       |       |       |     7 ||     7
       Sacrifice Drink   |       |       |       |     1 ||     1
 Abil: Heal Wounds       |     2 |     4 |    12 |    23 ||    41
Evoke: Wand              |       |       |    11 |    23 ||    34
  Use: Scroll            |     7 |     7 |     6 |     5 ||    25
       Potion            |       |     1 |     6 |     3 ||    10
 Stab: Invisible         |       |       |     8 |       ||     8
       Paralysed         |       |       |       |    11 ||    11
       Distracted        |       |       |       |     1 ||     1
Armor: Scale mail        |    53 |   119 |    95 |       ||   267
       Chain mail        |       |       |    33 |   169 ||   202
       Plate armour      |       |       |    28 |   122 ||   150
       Skin              |       |       |     3 |     4 ||     7
Dodge: Dodged            |    61 |    98 |   109 |   159 ||   427
Block: Buckler           |    33 |    69 |    89 |   240 ||   431

Table legend: (Time is in decaauts)
 A = Elapsed time spent in this place.
 B = Non-inter-level travel time spent in this place.
 C = Inter-level travel time spent in this place.
 D = Time resting spent in this place.
 E = Time spent auto-exploring this place.
 F = Levels seen in this place.
 G = Mean time per level.
                   A        B        C        D        E       F      G
               +--------+--------+--------+--------+--------+-----+--------+
         Total |  12275 |  11903 |    372 |   1156 |   7782 |  15 |  818.3 |
       Dungeon |  10045 |   9772 |    273 |    936 |   6267 |  11 |  913.2 |
        Temple |    439 |    387 |     52 |      0 |    385 |   1 |  439.0 |
          Lair |   1789 |   1742 |     47 |    220 |   1129 |   3 |  596.3 |
               +--------+--------+--------+--------+--------+-----+--------+

Top non-repeatable levels by time:
     D:1: 1241 daAuts
     D:3: 1075 daAuts
     D:4: 1018 daAuts
     D:2: 943 daAuts
     D:7: 913 daAuts
    D:11: 886 daAuts
     D:8: 884 daAuts
    D:10: 881 daAuts
     D:9: 876 daAuts
  Lair:2: 767 daAuts
  Lair:1: 751 daAuts
     D:5: 720 daAuts
     D:6: 604 daAuts
  Temple: 439 daAuts
  Lair:3: 270 daAuts
